 Dungeon Crawl Stone Soup version 0.28-a0-883-gc8d7bad45d (webtiles) character file.

Game seed: 3721402211756632366

16 croobank the Scratcher (level 2, -4/12 HPs)
             Began as a Felid Transmuter on Nov 21, 2021.
             Was a Follower of Yredelemnul.
             Slain by a gnoll (9 damage)
             ... on level 2 of the Dungeon.
             The game lasted 00:05:34 (1584 turns).

croobank the Scratcher (Felid Transmuter)           Turns: 1584, Time: 00:05:35

Health: -4/12      AC:  1    Str:  6    XL:     2   Next: 41%
Magic:  3/6        EV: 17    Int: 14    God:    Yredelemnul [*.....]
Gold:   46         SH:  0    Dex: 16    Spells: 2/5 levels left
                                        Lives:  0   Deaths: 0

rFire   . . .      SeeInvis +     - Unarmed
rCold   . . .      Faith    .   (shield unavailable)
rNeg    . . .      Spirit   .   (armour unavailable)
rPois   .          Reflect  .   (helmet unavailable)
rElec   .          Harm     .   (cloak unavailable)
rCorr   .          Rampage  .   (gloves unavailable)
Will    .....                   (boots unavailable)
Stlth   ++........              (no amulet)
HPRegen 0.04/turn               (no ring)
MPRegen 0.10/turn               (no ring)

@: appendages, wereblooded, quick
A: horns 2, very small, claws 1, fangs 3, see invisible, speed 1, shaggy fur 1,
stealthy paws, no weapons or thrown items, no armour, multi-lived
a: End Transformation, Renounce Religion, Animate Remains


You were on level 2 of the Dungeon.
You worshipped Yredelemnul.
Yredelemnul was aware of your devotion.
You had temporarily grown beastly horns.
You visited 1 branch of the dungeon, and saw 2 of its levels.

You collected 46 gold pieces.

Inventory:

Missiles
 d - 51 stones
Jewellery
 h - a +4 ring of protection
Scrolls
 e - a scroll of magic mapping {unknown}
 f - a scroll of teleportation {unknown}
Potions
 a - a potion of curing
 b - a potion of attraction
 c - a potion of heal wounds {unknown}
 g - a potion of mutation {unknown}


   Skills:
 + Level 1.0 Fighting
 + Level 2.7 Dodging
 + Level 0.4 Stealth
 + Level 3.5 Unarmed Combat
 + Level 2.2 Spellcasting
 + Level 2.3 Transmutations


You had 2 spell levels left.
You knew the following spells:

 Your Spells              Type           Power      Damage    Failure   Level
a - Beastly Appendage     Tmut           16%        N/A       9%          1
b - Wereblood             Tmut           8%         N/A       13%         2

Your spell library contained the following spells:

 Spells                   Type           Power      Damage    Failure   Level
 Spider Form              Tmut/Pois      4%         N/A       41%         3
 Ice Form                 Ice/Tmut       4%         N/A       82%         4


Dungeon Overview and Level Annotations

Branches:
Dungeon (2/15)

Altars:
Yredelemnul


Innate Abilities, Weirdness & Mutations

You have temporarily grown beastly horns.
You have sharp claws.
You have razor-sharp teeth.
You have supernaturally acute eyesight. (SInv)
You cover ground quickly. (Speed+)
You are covered in fur. (AC +1)
Your paws help you pounce on unaware monsters.
You are incapable of wielding weapons or throwing items.
You cannot wear armour.
You gain extra lives every three experience levels.


Message History

You see here a hobgoblin corpse.
Found a stone staircase leading down.
g - a golden potion You are caught in the web!
h - a +4 ring of protection
There is a web here.
You disentangle yourself.
You open the large door.
There is a large open door here.
A gnoll comes into view. It is wielding a +0 flail.
The gnoll shouts!
An adder comes into view.
The adder hisses angrily.
A gnoll comes into view. It is wielding a +0 club.
A gnoll comes into view. It is wielding a +0 flail.
The gnoll shouts!
You hear a shout!
A giant cockroach comes into view.
There is a large open door here.
Casting: Beastly Appendage (safe; 9% risk of failure)
Confirm with . or Enter, or press ? or * to list all spells.
You grow a pair of large bovine horns.
Casting: Beastly Appendage (safe; 9% risk of failure)
Confirm with . or Enter, or press ? or * to list all spells.
Your blood is infused with primal strength.
You scratch the gnoll.
The gnoll is moderately wounded.
The gnoll barely misses you.
You barely miss the gnoll. Your headbutt misses the gnoll.
The gnoll is moderately wounded.
The giant cockroach misses you. The gnoll hits you with a +0 flail!
Ouch! That really hurt!
You scratch the gnoll.
The gnoll is severely wounded.
The gnoll misses you.
You scratch the gnoll.
The gnoll is almost dead.
The gnoll hits you with a +0 flail!
Ouch! That really hurt!
You die...
Your body rises from the dead as a mindless zombie.

#......####.......#
#......# #.#####.#####
#......# #...........#
#......#
#..####.###.######
..#......# #..#
#...#.......
........B####..#
#...........
##.#.#.....##..#
##..#######.
#.#.#.....##.S#####..#
##.#.........gBg@.....#
.......[####'g######..#
##.#<#.##........###..#
# #..##..........##..#
#.##.........g..##.#
###..............###
...............#
................#
....♣♣♣♣♣♣......#


You could see 3 gnolls, an adder and a giant cockroach.

Vanquished Creatures
  2 bats (D:1)
  2 endoplasms (D:1)
  A giant cockroach (D:1)
  A goblin (D:1)
  2 hobgoblins
  4 ball pythons (D:1)
  A frilled lizard (D:1)
  2 kobolds (D:1)
  2 rats (D:1)
17 creatures vanquished.

Notes
Turn   | Place    | Note
-------+----------+-------------------------------------------
     0 | D:1      | croobank the Felid Transmuter began the quest for the Orb.
     0 | D:1      | Reached XP level 1. HP: 9/9 MP: 4/4
   457 | D:1      | Found a faded altar of an unknown god.
   465 | D:1      | Prayed at the altar of an unknown god.
   465 | D:1      | Became a worshipper of Yredelemnul the Dark
   465 | D:1      | Reached * piety under Yredelemnul
   784 | D:1      | Reached XP level 2. HP: 12/12 MP: 4/6
  1415 | D:2      | Learned a level 2 spell: Wereblood
  1584 | D:2      | Slain by a gnoll

Illustrated notes

Levels and vault maps discovered:
D:1:      saegor_arrival_under_anarchy, layout_basic,
          hellmonk_ecumenical_altar_run_dry, minmay_pentomino_r4
D:2:      layout_basic, corner_web_ring, kennysheep_big_empty_room, uniq_natasha

Action                   || total
-------------------------++-------
Melee: Unarmed           ||    57
       Headbutt          ||     3
       Punch             ||     1
       Bite              ||     1
 Cast: Beastly Appendage ||    13
       Wereblood         ||     1
  Use: Scroll            ||     2
 Stab: Sleeping          ||     2
Dodge: Dodged            ||    40

Table legend: (Time is in decaauts)
 A = Elapsed time spent in this place.
 B = Non-inter-level travel time spent in this place.
 C = Inter-level travel time spent in this place.
 D = Time resting spent in this place.
 E = Time spent auto-exploring this place.
 F = Levels seen in this place.
 G = Mean time per level.
                   A        B        C        D        E       F      G
               +--------+--------+--------+--------+--------+-----+--------+
         Total |   1442 |   1433 |      9 |    428 |    800 |   2 |  721.0 |
       Dungeon |   1442 |   1433 |      9 |    428 |    800 |   2 |  721.0 |
               +--------+--------+--------+--------+--------+-----+--------+

Top non-repeatable levels by time:
     D:1: 1233 daAuts
     D:2: 209 daAuts
